 Dungeon Crawl Stone Soup version 0.21.1-1-g345015f (webtiles) character file.

86 equizz the Shield-Bearer (level 4, 0/35 HPs)
             Began as a Human Fighter on Feb 8, 2018.
             Succumbed to an adder's poison
             ... on level 2 of the Dungeon.
             The game lasted 00:18:47 (1383 turns).

equizz the Shield-Bearer (Human Fighter)            Turns: 1383, Time: 00:18:48

Health: 0/35       AC: 10    Str: 15 (16) XL:     4   Next: 78%
Magic:  4/4        EV:  7    Int:  7 (8)  God:
Gold:   39         SH: 10    Dex: 13 (14) Spells: 3/3 levels left

rFire    + . .     SeeInvis .   a - +0 war axe
rCold    x . .     Gourm    .   c - +1 shield
rNeg     . . .     Faith    .   b - +0 scale mail
rPois    .         Spirit   .   (no helmet)
rElec    .         Reflect  .   (no cloak)
rCorr    .         Harm     .   i - +2 pair of gloves
MR       .....                  (no boots)
Stlth    +.........             n - amulet of inaccuracy (curse)
HPRegen  0.11/turn              g - ring of fire
MPRegen  0.09/turn              e - ring of stealth

@: lethally poisoned (0 -> -1), flying
A: no striking features
a: no special abilities


You were on level 2 of the Dungeon.
You were not hungry.

You visited 1 branch of the dungeon, and saw 2 of its levels.

You collected 39 gold pieces.

Inventory:

Hand Weapons
 a - a +0 war axe (weapon)
 o - a +0 spear
Missiles
 h - 26 arrows
 k - 8 tomahawks (quivered)
Armour
 b - a +0 scale mail (worn)
 c - a +1 shield (worn)
 i - a +2 pair of gloves (worn)
Jewellery
 e - a ring of stealth (right hand)
 g - a ring of fire (left hand)
 n - a cursed amulet of inaccuracy (around neck)
Wands
 m - a wand of enslavement (16)
Potions
 d - a potion of might
Comestibles
 f - a ration


   Skills:
 + Level 3.3 Fighting
 + Level 3.0 Axes
 + Level 3.5 Armour
 + Level 0.9 Dodging
 + Level 3.6 Shields


You had 3 spell levels left.
You didn't know any spells.

Dungeon Overview and Level Annotations

Branches:
Dungeon (2/15)

Altars:
Yredelemnul


Message History

You miss the adder.
The adder is moderately wounded.
Your shield and scale mail prevent you from hitting the goblin.
You feel sick. The adder bites you.
* * * LOW HITPOINT WARNING * * *
The goblin hits you but does no damage. The adder closely misses you.
The goblin completely misses you.
It was a potion of flight.
You feel very buoyant.
You fly up into the air.
You block the adder's attack. You block the goblin's attack.
It was a potion of degeneration.
There was something very wrong with that liquid.
You feel weakened.
You feel dopey.
You feel clumsy. You block the adder's attack.
The goblin hits you but does no damage. The adder bites you but does no damage.
You barely miss the adder.
The adder is moderately wounded.
You barely miss the goblin.
You die...

#.#######.######..# #.#
#.#....# .#
#.#######.#.##.#..# .#
#.........#.##.#..#
#.#####
###########.##.#...
....... #######.##.##.#
.......
#.......##.##.##.......
#.......##.##..........
#....S@.##.##..........
#....g†.#..............
#.......######.........
#........... #.........
#............#.........
#......#.....#.........
#...!..................
#.....#.#.#.#..........
...............


You could see an adder and a goblin.

Vanquished Creatures
  4 adders (D:2)
  A worm (D:2)
  A dart slug (D:2)
  7 bats
  3 giant cockroaches
  10 goblins
  3 hobgoblins
  2 quokkas (D:2)
  A ball python (D:1)
  4 frilled lizards (D:1)
  5 kobolds
  5 rats
46 creatures vanquished.

Notes
Turn   | Place    | Note
-------+----------+-------------------------------------------
     0 | D:1      | equizz the Human Fighter began the quest for the Orb.
     0 | D:1      | Reached XP level 1. HP: 18/18 MP: 1/1
   202 | D:1      | Reached XP level 2. HP: 22/24 MP: 2/2
   481 | D:1      | Reached XP level 3. HP: 20/29 MP: 3/3
   894 | D:2      | Reached XP level 4. HP: 17/35 MP: 4/4
  1215 | D:2      | Found a basalt altar of Yredelemnul.
  1380 | D:2      | HP: 1/35 [adder (2)]
  1383 | D:2      | Succumbed to an adder's poison

Skill      XL: |  1  2  3  4 |
---------------+-------------+-----
Axes           | 3 |  3.0
Fighting       | |  3.3
Armour         | |  3.5
Dodging        | |  0.9
Shields        | |  3.6

Action                   |  1- 3 |  4- 6 || total
-------------------------+-------+-------++-------
Melee: War axe           |   154 |    56 ||   210
  Use: Scroll            |     3 |     1 ||     4
       Potion            |       |     2 ||     2
  Eat: Ration            |       |     1 ||     1
Armor: Scale mail        |   107 |    48 ||   155
Dodge: Dodged            |    42 |    25 ||    67
Block: Shield            |    89 |    38 ||   127
